 Dungeon Crawl Stone Soup version 0.30.0-29-ga12c61a403 (webtiles) character file.

Game seed: 8375165587379703157

27 qw the Shield-Bearer (level 3, -4/23 HPs)
             Began as a Gargoyle Fighter on June 5, 2023.
             Slain by a gnoll
             ... wielding a +0 whip
              (7 damage)
             ... on level 2 of the Dungeon.
             The game lasted 00:00:21 (505 turns).

qw the Shield-Bearer (Gargoyle Fighter)              Turns: 505, Time: 00:00:22

Health: -4/23      AC: 10    Str: 21    XL:     3   Next: 10%
Magic:  3/3        EV:  9    Int:  8    God:
Gold:   24         SH:  4    Dex:  9    Spells: 2/2 levels left

rFire   . . .        Y - +0 war axe
rCold   . . .        c - +0 buckler
rNeg    + . .        b - +0 scale mail
rPois   inf          (no helmet)
rElec   +            (no cloak)
rCorr   .            (no gloves)
SInv    .            (no boots)
Will    .....        (no amulet) Stlth
                     (no ring)
HPRegen 0.23/turn    (no ring)
MPRegen 0.08/turn

%: no passive effects
@: weak-willed
A: sickness immunity, AC +3, negative energy resistance 1, electricity
resistance, torment resistance 1, petrification resistance
a: no special abilities


You were on level 2 of the Dungeon.
You visited 1 branch of the dungeon, and saw 2 of its levels.

You collected 24 gold pieces.


Innate Abilities, Weirdness & Mutations

You are immune to sickness and miasma.
Your stone body is resilient. (AC +3)
You are immune to poison.
You resist negative energy. (rN+)
You are resistant to electric shocks. (rElec)
You are resistant to unholy torment.
You are immune to petrification.


   Skills:
 - Level 3.2 Fighting
 + Level 3.1 Axes
 - Level 3.2 Armour
 - Level 3.2 Shields


You had 2 spell levels left.
You didn't know any spells.
Your spell library was empty.

Inventory:

Hand Weapons
 e - a +0 whip
 Y - a +0 war axe (weapon)
Armour
 b - a +0 scale mail (worn)
 c - a +0 buckler (worn)
Jewellery
 k - a ring of fire
Potions
 d - a potion of might
 f - a potion of attraction {unknown}
 m - a potion of heal wounds {unknown}
 n - a potion of curing {unknown}
 o - a potion of mutation {unknown}

Dungeon Overview and Level Annotations

Branches:
Dungeon (2/15)

Altars:
The Shining One


Message History

There is a stone staircase leading up here.
Waypoint 1 assigned to D:2.
A gnoll comes into view. It is wielding a +0 halberd.
The gnoll shouts!
A gnoll comes into view. It is wielding a +0 whip.
A gnoll comes into view. It is wielding a +0 club.
Found a glowing golden altar of the Shining One.
The gnoll shouts! x2
A gnoll comes into view. It is wielding a +0 whip.
The gnoll shouts!
The gnoll closely misses you.
You barely miss the gnoll. You hit the gnoll. You closely miss the gnoll.
The gnoll hits you with a +0 halberd! You block the gnoll's attack.
You hit the gnoll.
The gnoll is moderately wounded.
You hit the gnoll but do no damage. You slash the gnoll!
You block the gnoll's attack. The gnoll barely misses you.
The gnoll hits you but does no damage.
You slash the gnoll!
You kill the gnoll!
You barely miss the gnoll. You hit the gnoll. You closely miss the gnoll.
The gnoll barely misses you. You block the gnoll's attack.
The gnoll barely misses you. The gnoll hits you with a +0 whip.
The gnoll hits you but does no damage. The gnoll hits you with a +0 club.
Your Axes skill increases to level 3!
You have reached level 3!
Your experience leads to an increase in your attributes!
Increase (S)trength, (I)ntelligence, or (D)exterity?
You feel stronger. x2
You barely miss the gnoll.
The gnoll is moderately wounded.
You hit the gnoll. x2
The gnoll hits you but does no damage. The gnoll hits you with a +0 whip!
You block the gnoll's attack.
You hit the gnoll.
The gnoll is almost dead.
You slash the gnoll!
You kill the gnoll!
You closely miss the gnoll. The gnoll hits you with a +0 whip!
You die...

#........#
#........#
#........#
.##........#
...........#
###........#
#.....g))..#
#.#....@g..#
...........#
...........#
._...###...#
..... #<..#
....
#........
#..
#........
###
#...#....
###....##


You could see 2 gnolls.

Vanquished Creatures
  2 gnolls (D:2)
  3 ball pythons (D:1)
  4 bats (D:1)
  An endoplasm (D:1)
  A giant cockroach (D:1)
  3 goblins (D:1)
  A hobgoblin (D:1)
  A kobold (D:1)
  A rat (D:1)
17 creatures vanquished.

Notes
Turn   | Place    | Note
-------+----------+-------------------------------------------
     0 | D:1      | qw the Gargoyle Fighter began the quest for the Orb.
     0 | D:1      | Reached XP level 1. HP: 14/14 MP: 1/1
     0 | D:1      | 0 ||| qw: Version: 0.2-a-108-gee2c290
     0 | D:1      | 0 ||| qw: Game counter: 1421
     0 | D:1      | 0 ||| qw: Always use a shield: true
     0 | D:1      | 0 ||| qw: God list: Okawaru
     0 | D:1      | 0 ||| qw: Allow faded altars: false
     0 | D:1      | 0 ||| qw: Do Orc after D:15 true
     0 | D:1      | 0 ||| qw: Do second Lair branch before Depths: true
     0 | D:1      | 0 ||| qw: Lair rune preference: random
     0 | D:1      | 0 ||| qw: Plans: Normal, Zot:1-4, Slime:5, God:TSO, Crypt,
                  | Tomb, Abyss, Pan, Hells, Win
     0 | D:1      | 0 ||| PLANNING D:1-11
    97 | D:1      | Reached XP level 2. HP: 14/19 MP: 2/2
   480 | D:1      | 480 ||| READING scroll labelled GYISYV UMILY.
   481 | D:1      | 481 ||| READING 2 scrolls labelled JINNACZE SUSCH.
   482 | D:1      | 482 ||| READING scroll labelled AWNIGY FYAPP.
   483 | D:1      | 483 ||| READING scroll labelled ERIHATODYI.
   484 | D:1      | 484 ||| READING scroll labelled UCWUC LAXELAHI.
   488 | D:1      | 488 ||| DROPPING scroll of amnesia.
   498 | D:2      | Found a glowing golden altar of the Shining One.
   504 | D:2      | Reached skill level 3 in Axes
   504 | D:2      | Reached XP level 3. HP: 10/23 MP: 3/3
   504 | D:2      | HP: 3/23 [gnoll/+0 whip (7)]
   505 | D:2      | Slain by a gnoll

Levels and vault maps discovered:
D:1:      minmay_arrival_semitransparent, layout_basic
D:2:      layout_basic, basic_altar, grunt_ministairs_9

Skill      XL: |  1  2 |
---------------+-------+-----
Axes           | 2 3 |  3.1
Fighting       | |  3.2
Armour         | |  3.2
Shields        | |  3.2

Action                     || total
---------------------------++-------
  Melee: War axe           ||    58
    Use: Scroll            ||     5
 Armour: Scale mail        ||    26
  Dodge: Dodged            ||    27
  Block: Buckler           ||    18

Table legend:
 A = Non-vault XP
 B = Vault XP
 C = Vault XP percentage of total XP
 D = Non-vault monster count
 E = Vault monster count
 F = Vault count percentage of total count
                 A         B        C        D         E       F
            +---------+---------+-------+---------+---------+-------
      Total |      53 |       0 |   0.0 |      17 |       0 |   0.0
            +---------+---------+-------+---------+---------+-------
        D:1 |      25 |       0 |   0.0 |      15 |       0 |   0.0
        D:2 |      28 |       0 |   0.0 |       2 |       0 |   0.0
            +---------+---------+-------+---------+---------+-------
